 Dungeon Crawl Stone Soup version 0.26-a0-712-ga5a9c9c9d0 (webtiles) character file.

Game seed: 12304369697093354428

516727 graki42 the Sorcerer (level 24, -4/148 HPs)
             Began as a Deep Elf Conjurer on Nov 6, 2020.
             Was the Champion of Vehumet.
             Slain by a juggernaut (73 damage)
             ... on level 2 of the Depths on Nov 7, 2020.
             The game lasted 07:29:20 (70982 turns).

graki42 the Sorcerer (Deep Elf Conjurer)           Turns: 70982, Time: 07:29:23

Health: -4/148     AC: 14    Str: 23    XL:     24   Next: 2%
Magic:  47/64      EV: 24    Int: 37    God:    Vehumet [******]
Gold:   8858       SH:  0    Dex: 13    Spells: 29/75 levels left

rFire    . . .     SeeInvis .   N - +3 hunting sling of Abuse {flame, rElec Str+6}
rCold    + + .     Faith    .   (no shield)
rNeg     . . .     Spirit   .   D - +2 robe {Archmagi}
rPois    .         Reflect  .   G - +2 hat {Int+3}
rElec    +         Harm     .   Y - +2 cloak {Stlth+}
rCorr    .         Rampage  .   L - +2 pair of gloves
MR       ++++.                  a - +2 pair of boots
Stlth    +.........             T - amulet of Perfectionism {RegenMP Str+7}
HPRegen  0.34/turn              S - ring of the Hidden Violins {+Blink rC+ EV+4 Str+2 Stlth-}
MPRegen  0.64/turn              I - ring of Upudargh {rC+ MP+9 Slay+2}

@: about to teleport
A: clever 1, deformed body, magic resistance 2, robust 1
}: 3/15 runes: decaying, silver, gossamer
a: Renounce Religion, Evoke Blink


You were on level 2 of the Depths.
You worshipped Vehumet.
Vehumet was exalted by your worship.
You visited 9 branches of the dungeon, and saw 44 of its levels.
You also visited: Trove, Ossuary and Ice Cave.

You collected 10725 gold pieces.
You spent 1867 gold pieces at shops.

Inventory:

Hand Weapons
 q - the +4 dagger "Morg" {pain, MR+ Int+5}
   (You found it on level 9 of the Dungeon)

   In the hands of one skilled in necromantic magic, it inflicts extra damage on
   living creatures.
   It affects your intelligence (+5).
   It affects your resistance to hostile enchantments.
 w - the +7 shortbow "Xaracza" {freeze, rPois rF+ rN+ Str+4}
   (You acquired it on level 8 of the Dungeon)

   It causes projectiles fired from it to freeze those they strike, causing
   extra injury to most foes and up to half again as much damage against
   particularly susceptible opponents.
   They can also slow down cold-blooded creatures.
   It affects your strength (+4).
   It protects you from fire.
   It protects you from poison.
   It protects you from negative energy.
 y - the +9 quarterstaff of Awkwardness {speed, +Inv rF- Str+6 Dex-2 SInv}
   (You took it off an orc on level 12 of the Dungeon)

   Attacks with this weapon are significantly faster.
   It affects your strength (+6).
   It affects your dexterity (-2).
   It makes you vulnerable to fire.
   It lets you see invisible.
   It lets you turn invisible.
 N - the +3 hunting sling of Abuse (weapon) {flame, rElec Str+6}
   (You found it on level 5 of the Vaults)

   It causes projectiles fired from it to burn those they strike, causing extra
   injury to most foes and up to half again as much damage against particularly
   susceptible opponents.
   It affects your strength (+6).
   It insulates you from electricity.
Armour
 a - a +2 pair of boots (worn)
 D - a +2 robe of the Archmagi (worn)
 E - the +1 robe "Peibb" {rN+ rCorr}
   (You found it on level 2 of the Elven Halls)

   It protects you from negative energy.
   It provides partial protection from all sources of acid and corrosion.
 G - a +2 hat of intelligence (worn)
 L - a +2 pair of gloves (worn)
 Y - a +2 cloak of stealth (worn)
Jewellery
 u - an uncursed ring of protection from cold
 I - the ring of Upudargh (right hand) {rC+ MP+9 Slay+2}
   (You found it on level 12 of the Dungeon)

   [ring of magical power]

   It affects your accuracy and damage with ranged weapons and melee attacks
   (+2).
   It protects you from cold.
   It affects your magic capacity (+9).
 O - the ring "Tuilivim" {Wiz rC+}
   (You found it in a treasure trove)

   [ring of wizardry]

   It improves your spell success rate.
   It protects you from cold.
 P - the ring of Opnys {rPois rN+ AC+4 Str+3}
   (You found it in a treasure trove)

   [ring of protection]

   It affects your AC (+4).
   It affects your strength (+3).
   It protects you from poison.
   It protects you from negative energy.
 S - the ring of the Hidden Violins (left hand) {+Blink rC+ EV+4 Str+2 Stlth-}
   (You took it off a deep elf demonologist on level 3 of the Elven Halls)

   [ring of evasion]

   It affects your evasion (+4).
   It affects your strength (+2).
   It protects you from cold.
   It lets you blink.
   It makes you less stealthy.
 T - the amulet of Perfectionism (around neck) {RegenMP Str+7}
   (You found it on level 6 of the Lair of Beasts)

   [amulet of magic regeneration]

   It increases your magic regeneration.
   It affects your strength (+7).
 V - the ring "Noexec" {rN+ MR+ Dex+2}
   (You took it off a vampire knight on level 3 of the Crypt)

   [ring of positive energy]

   It affects your dexterity (+2).
   It protects you from negative energy.
   It affects your resistance to hostile enchantments.
 X - the ring "Heimig" {+Blink rElec rF++ Dex+6}
   (You took it off a vampire mage on level 3 of the Crypt)

   [ring of dexterity]

   It affects your dexterity (+6).
   It greatly protects you from fire.
   It insulates you from electricity.
   It lets you blink.
Wands
 r - a wand of enslavement (5)
 t - a wand of digging (18)
 M - a wand of iceblast (24)
Scrolls
 b - 21 scrolls of identify
 c - 26 scrolls of remove curse
 d - 10 scrolls of amnesia
 e - 6 scrolls of immolation
 f - 16 scrolls of teleportation
 g - 9 scrolls of magic mapping
 h - 4 scrolls of fog
 i - a scroll of brand weapon
 l - a scroll of silence
 m - a scroll of enchant armour
 p - 6 scrolls of blinking
 C - a scroll of fear
Potions
 j - 2 potions of berserk rage
 k - 6 potions of brilliance
 n - 3 potions of magic
 o - 23 potions of curing
 s - 12 potions of haste
 x - a potion of invisibility
 A - 9 potions of heal wounds
 B - 5 potions of mutation
 K - 6 potions of flight
 U - 7 potions of cancellation


   Skills:
 - Level 9.0 Fighting
 - Level 13.0 Dodging
 - Level 3.0 Stealth
 + Level 26.2 Spellcasting
 + Level 21.1 Conjurations
 - Level 20.0 Hexes
 - Level 12.8 Necromancy
 + Level 18.2 Fire Magic
 - Level 15.0 Earth Magic


You had 29 spell levels left.
You knew the following spells:

 Your Spells              Type           Power        Failure   Level
a - Magic Dart            Conj           ####         0%          1
b - Searing Ray           Conj           ######       0%          2
c - Iskenderun's Battles  Conj           ########     0%          5
d - Fulminant Prism       Conj/Hex       ########..   0%          4
e - Fireball              Conj/Fire      ########..   0%          5
f - Iskenderun's Mystic   Conj/Tloc      ########     1%          4
g - Lee's Rapid Deconstr  Erth           ########..   1%          5
h - Discord               Hex            ########..   1%          8
i - Orb of Destruction    Conj           ########..   1%          7
j - Borgnjor's Vile Clut  Necr/Erth      ########..   1%          5

Your spell library contained the following spells:

 Spells                   Type           Power        Failure   Level
 Lehudib's Crystal Spear  Conj/Erth      ########..   1%          8
 Fire Storm               Conj/Fire      ########..   3%          9
 Absolute Zero            Ice            ######....   100%        9
 Animate Skeleton         Necr           ######       0%          1
 Corona                   Hex            #######      0%          1
 Foxfire                  Conj/Fire      ####         0%          1
 Pain                     Necr           ####         0%          1
 Sandblast                Erth           ######       0%          1
 Shock                    Conj/Air       ####         0%          1
 Ensorcelled Hibernation  Hex/Ice        ######       0%          2
 Slow                     Hex            ########     0%          2
 Sublimation of Blood     Necr           ########..   0%          2
 Confusing Touch          Hex            ########     0%          3
 Conjure Flame            Conj/Fire      ########     0%          3
 Dazzling Flash           Conj/Hex       ######       0%          3
 Inner Flame              Hex/Fire       ########     0%          3
 Static Discharge         Conj/Air       ########     0%          3
 Stone Arrow              Conj/Erth      ######       0%          3
 Tukima's Dance           Hex            ########     0%          3
 Vampiric Draining        Necr           ########..   0%          3
 Cause Fear               Hex            ########..   0%          4
 Leda's Liquefaction      Hex/Erth       ########..   0%          4
 Sticky Flame             Conj/Fire      ########     0%          4
 Bolt of Magma            Conj/Fire/Erth ########..   0%          5
 Apportation              Tloc           ######       1%          1
 Beastly Appendage        Tmut           ######       1%          1
 Freeze                   Ice            ####         1%          1
 Sting                    Tmut/Pois      ####         1%          1
 Summon Small Mammal      Summ           ####         1%          1
 Blink                    Tloc           N/A          1%          2
 Call Imp                 Summ           ######..     1%          2
 Passwall                 Tmut/Erth      ########     1%          2
 Poisonous Vapours        Pois/Air       ######       1%          2
 Swiftness                Air            ######..     1%          2
 Wereblood                Tmut           ######..     1%          2
 Call Canine Familiar     Summ           ######..     1%          3
 Frozen Ramparts          Ice            ######       1%          3
 Gell's Gravitas          Tloc           ######....   1%          3
 Ignite Poison            Fire/Tmut/Pois #######.     1%          3
 Lesser Beckoning         Tloc           ######....   1%          3
 Mephitic Cloud           Conj/Pois/Air  ########     1%          3
 Ozocubu's Armour         Ice            ######..     1%          3
 Portal Projectile        Hex/Tloc       ######       1%          3
 Spider Form              Tmut/Pois      ######....   1%          3
 Summon Guardian Golem    Hex/Summ       ########     1%          3
 Airstrike                Air            ######....   1%          4
 Animate Dead             Necr           ########..   1%          4
 Hailstorm                Conj/Ice       ########     1%          4
 Petrify                  Tmut/Erth      ########     1%          4
 Agony                    Necr           ########     1%          5
 Irradiate                Conj/Tmut      ########..   1%          5
 Lightning Bolt           Conj/Air       ########..   1%          5
 Metabolic Englaciation   Hex/Ice        ########..   1%          5
 Silence                  Hex/Air        ########..   1%          5
 Summon Mana Viper        Hex/Summ       ########     1%          5
 Yara's Violent Unravell  Hex/Tmut       ########..   1%          5
 Freezing Cloud           Conj/Ice/Air   ########..   1%          6
 Invisibility             Hex            ########     1%          6
 Ignition                 Fire           ########..   1%          8
 Ice Form                 Ice/Tmut       ######..     4%          4
 Summon Ice Beast         Ice/Summ       ######..     4%          4
 Summon Lightning Spire   Summ/Air       ######..     4%          4
 Simulacrum               Ice/Necr       #######...   4%          6
 Alistair's Intoxication  Tmut/Pois      ######...    12%         5
 Blade Hands              Tmut           ######....   12%         5
 Summon Demon             Summ           ######....   12%         5
 Summon Forest            Summ/Tloc      ######....   12%         5
 Ozocubu's Refrigeration  Ice            ######....   17%         6
 Shatter                  Erth           ########..   22%         9
 Eringya's Noxious Bog    Tmut/Pois      ######....   54%         6
 Shadow Creatures         Summ           N/A          54%         6
 Summon Hydra             Summ           ######....   98%         7
 Tornado                  Air            ######....   100%        9


Dungeon Overview and Level Annotations

Branches:
Dungeon (15/15)            Temple (0/1) D:5            Lair (6/6) D:10
  Swamp (4/4) Lair:3       Spider (4/4) Lair:3        Slime (0/5) Lair:5
    Orc (2/2) D:12            Elf (3/3) Orc:2        Vaults (5/5) D:13
  Crypt (3/3) Vaults:3       Tomb (0/3) Crypt:3      Depths (2/5) D:15
Ossuary (visited)           IceCv (visited)

Altars:
Ashenzari
Cheibriados
Dithmenos
Elyvilon
Fedhas
Hepliaklqana
Kikubaaqudgha
Nemelex Xobeh
Okawaru
Sif Muna
Trog
Vehumet
Wu Jian
Yredelemnul
The Shining One
Beogh

Shops:
D:4 *   D:12 !   D:14 !   Orc:1 ?   Orc:2 [((*:   Elf:3 }:   Vaults:5 *

Portals:
Hell: Depths:1 Depths:2
Pandemonium: Depths:1
Ziggurat: Depths:2

Annotations:
Swamp:2 exclusion: shambling mangrove
Depths:2 1 transporter


Innate Abilities, Weirdness & Mutations

Your mind is acute. (Int +2)
Armour fits poorly on your strangely shaped body.
You are highly resistant to hostile enchantments. (MR++)
You are robust. (+10% HP)


Message History

The spriggan air mage hits the deep troll shaman!
The deep troll shaman completely misses the spriggan air mage.
The deep troll shaman barely misses the spriggan air mage.
The deep troll shaman completely misses the spriggan air mage.
Unknown command.
Casting: Discord (dangerous; 1% risk of failure)
Confirm with . or Enter, or press ? or * to list all spells.
Press: ? - help, Shift-Dir - straight line, f - spriggan air mage
Aim: a spriggan air mage, wearing a +0 robe (moderately wounded, fast, strong, frenzied and insane, repelling missiles)
You feel a surge of power!
The fireball explodes!
The fireball engulfs the spriggan air mage!!
The spriggan air mage is almost dead.
The fireball engulfs the deep troll shaman!!!
You kill the deep troll shaman!
Vehumet accepts your kill.
You feel your power returning.
The spriggan air mage shouts!
The spriggan air mage hits the juggernaut but does no damage.
The juggernaut hits you!!!!
You die...

##.## #...# #...## #####...#
#.......# ##.......########
##...............##
##..#####(©.#####..## ###
###..##.(.#####i@.##..# ###.## #
#...##..#[..©†.C#..##.# #....###
#...#...)†#..(#.)...#.## #......#
#>..#.#.#.#.#.#.#.#.#..###.......
....#...#########...#...#........
#...##...#. ...##...#........
.....#.#... #.#...........##
.....#...# ...#.............
.....#..#########.C#....).).)....


You could see a juggernaut and a neutral spriggan air mage (fast, strong,
insane, repels missiles).

Vanquished Creatures
  4 ancient liches
  Sojobo (Crypt:1)
  the Lernaean hydra (Swamp:4)
  Bai Suzhen (Depths:1)
  Frederick (Depths:1)
  Saint Roka (Orc:2)
  Arachne (Spider:3)
  Rupert (Depths:1)
  Jorgrun (Elf:2)
  A shard shrike skeleton (Crypt:1)
  A lich (Vaults:4)
  2 deep elf blademasters (Elf:3)
  2 tentacled monstrosities (Vaults:5)
  A quicksilver dragon (Vaults:5)
  2 titans (Vaults:5)
  Asterion (Depths:1)
  Gastronok (Lair:2)
  2 deep elf master archers (Elf:3)
  4 ancient champions
  Kirke (D:12)
  A sphinx (Vaults:4)
  Frances (D:12)
  A thorn hunter (Swamp:4)
  A shadow dragon (Vaults:5)
  7 tengu reavers
  Agnes (D:14)
  2 revenants (Crypt:2)
  A storm dragon (Vaults:5)
  The ghost of Bumuvide the Severer, a journeyman DDFi of Makhleb (Spider:3)
  2 fire giants
  5 frost giants
  2 orc warlords
  8 vault wardens
  7 deep elf sorcerers (Elf:3)
  2 ghost moths
  9 ironheart preservers
  8 emperor scorpions
  2 curse skulls
  2 deep elf elementalists (Elf:3)
  A spriggan defender (D:15)
  5 ghouls
  14 stone giants
  A war gargoyle (Vaults:5)
  7 very ugly things
  An entropy weaver (Spider:4)
  16 vampire knights
  8 deep elf demonologists
  Azrael (Spider:2)
  2 spark wasps
  7 deep elf annihilators (Elf:3)
  9 ettins
  11 deep elf death magi
  3 eidola
  A crystal guardian (Vaults:4)
  Snorg (Lair:3)
  Josephine (D:14)
  3 fire dragons (Depths:1)
  3 jiangshi (Crypt:3)
  A quicksilver dragon zombie (Crypt:3)
  6 deep elf high priests
  Erolcha (D:10)
  12 yaktaur captains
  4 ice dragons
  8 rakshasas
  3 great orbs of eyes
  19 vault guards
  7 boulder beetles
  A merfolk avatar (Lair:6)
  Harold (Lair:2)
  A quicksilver dragon skeleton (Crypt:3)
  2 ghost crabs (Swamp:3)
  The ghost of akrivosticles the Grappler, a novice TrBe of Trog (D:12)
  23 hydras
  A hell beast (Depths:2)
  3 shambling mangroves
  2 catoblepae
  5 death knights
  23 two-headed ogres
  7 ogre magi
  Erica (Lair:1)
  6 centaur warriors
  28 dancing weapons
  7 vampire magi
  5 deep troll shamans
  8 deep troll earth magi
  Urug (D:12)
  8 alligators
  16 death yaks
  3 titan zombies (Crypt:3)
  The ghost of kae the Transmogrifier, a novice OpTm of Cheibriados (D:11)
  3 orc high priests
  Nergalle (Lair:2)
  A fire crab (shapeshifter) (Vaults:5)
  A sun demon (Depths:1)
  A sixfirhy (Depths:1)
  28 skeletal warriors
  A soul eater (Crypt:3)
  21 deep elf knights
  A golden dragon zombie (Crypt:1)
  A sea snake (Lair:6)
  A storm dragon skeleton (Vaults:5)
  12 deep trolls
  3 shadow wraiths
  6 flayed ghosts
  2 unseen horrors (shapeshifter)
  2 orange crystal statues
  6 wizards
  An unseen horror (D:12)
  A deep troll (shapeshifter) (Depths:1)
  5 glowing orange brains
  A gelid demonspawn (Depths:1)
  15 deep elf archers
  10 ironbrand convokers
  8 swamp dragons
  30 phantasmal warriors
  9 harpies
  2 wolf spider zombies
  A golden dragon skeleton (Vaults:5)
  39 ugly things
  5 necromancers
  17 orc knights
  15 orb spiders
  5 lindwurms
  50 deep elf magi
  A wolf spider (shapeshifter) (Depths:1)
  A shining eye (shapeshifter) (Elf:1)
  4 oklob plants (Lair:3)
  5 cyclopes
  4 moths of wrath
  A stone giant zombie (Crypt:3)
  A manticore (Lair:6)
  5 orc sorcerers
  A fire giant zombie (Crypt:3)
  A frost giant zombie (Crypt:3)
  17 wolf spiders
  3 black mambas
  2 salamanders (Depths:2)
  An elephant (shapeshifter) (D:15)
  3 rust devils
  27 elephants
  10 vault sentinels
  A stone giant skeleton (Vaults:4)
  26 cane toads
  Psyche (D:9)
  A black draconian zombie (Crypt:2)
  An elephant slug zombie (Crypt:1)
  A gargoyle (D:13)
  2 torpor snails (Spider:2)
  29 yaktaurs
  A hellion (Depths:1)
  6 rime drakes
  An iron troll zombie (Crypt:1)
  3 rime drakes (shapeshifter)
  12 freezing wraiths
  10 demonic crawlers
  15 komodo dragons
  A green draconian skeleton (Crypt:2)
  A red devil (Depths:2)
  2 queen bees (shapeshifter)
  2 hydra zombies (Crypt:3)
  19 polar bears
  A purple draconian skeleton (Crypt:1)
  8 tyrant leeches
  A yellow draconian skeleton (Crypt:1)
  18 jumping spiders
  A jumping spider (shapeshifter) (D:15)
  A wolf spider simulacrum (D:15)
  Prince Ribbit (D:6)
  2 wind drakes (Lair:6)
  11 hornets
  13 trolls
  Grinder (D:5)
  A blink frog (shapeshifter) (Vaults:1)
  9 blink frogs
  6 dream sheep (Lair:6)
  A slime creature (shapeshifter) (Elf:1)
  27 slime creatures
  15 bog bodies
  A human simulacrum (Vaults:4)
  An ettin zombie (Vaults:5)
  A fire dragon zombie (Crypt:3)
  A guardian serpent skeleton (Crypt:3)
  4 shadows
  An ice dragon zombie (Crypt:3)
  2 spriggans (Swamp:2)
  An air elemental (Elf:1)
  15 tarantellas
  11 flying skulls
  A spriggan (shapeshifter) (Vaults:2)
  5 wyverns
  62 redbacks
  6 water elementals
  21 wraiths
  8 fire elementals
  A human (shapeshifter) (Vaults:1)
  A hog (shapeshifter) (Depths:1)
  61 yaks
  7 basilisks
  An ettin skeleton (Vaults:5)
  5 hogs (D:12)
  3 soldier ants
  25 vampire mosquitoes
  2 steam dragons
  8 wargs
  A soldier ant (shapeshifter) (Vaults:2)
  23 swamp worms
  17 insubstantial wisps
  Edmund (D:4)
  A merfolk zombie (Crypt:2)
  3 acid dragons
  20 water moccasins
  A deep troll skeleton (Vaults:5)
  2 water nymph skeletons
  A floating eye (Depths:2)
  A two-headed ogre skeleton (Crypt:3)
  2 hell hounds (Spider:2)
  9 swamp drakes
  81 orc warriors
  7 ice beasts
  5 black bears
  3 necrophages
  3 sky beasts
  A swamp dragon zombie (Crypt:3)
  22 ogres
  A phantom (D:12)
  9 boggarts
  10 centaurs
  A hog zombie (Crypt:3)
  38 wolves
  2 elf skeletons (Vaults:4)
  A big kobold (D:13)
  A bullfrog (shapeshifter) (D:15)
  21 bullfrogs
  A palentonga zombie (Crypt:3)
  A wyvern zombie (D:6)
  3 earth elementals
  A komodo dragon skeleton (Crypt:2)
  A water moccasin zombie (Ossuary)
  3 scorpions
  3 killer bees (D:13)
  20 wights
  5 electric eels
  6 howler monkeys
  7 lava snakes
  4 bullfrog zombies (Ossuary)
  7 centaur zombies
  A quasit (D:12)
  5 hounds
  Crazy Yiuf (D:5)
  4 jellies
  6 centaur skeletons
  19 orc priests
  41 orc wizards
  2 bullfrog skeletons
  A gnoll shaman (D:4)
  8 iguanas
  4 worker ants
  18 hell rats
  A killer bee zombie (D:10)
  An ogre zombie (Crypt:1)
  A centaur simulacrum (D:11)
  An acid dragon skeleton (Crypt:2)
  2 hound zombies
  2 hound skeletons
  14 mummies (Ossuary)
  A worker ant zombie (D:6)
  2 swamp drake zombies
  6 adders
  2 howler monkey skeletons
  19 river rats
  A shadow imp (D:7)
  8 white imps
  A worker ant simulacrum (D:11)
  An ufetubus (D:9)
  2 oozes
  3 adder skeletons
  An adder zombie (Ossuary)
  2 worms
  A dart slug (D:1)
  5 leopard geckos
  135 orcs
  3 ball pythons
  11 bats
  A bat skeleton (Crypt:1)
  5 giant cockroaches
  4 hobgoblins
  18 jackals
  14 kobolds
  8 quokkas
  6 frilled lizards
  A gnoll skeleton (Crypt:3)
  6 goblins
  A goblin skeleton (Crypt:2)
  A leopard gecko skeleton (Crypt:3)
  2 leopard gecko zombies (Ossuary)
  An orc skeleton (Crypt:2)
  A quokka skeleton (Crypt:2)
  26 rats
  A spectral orc (D:5)
  2 bushes
  2 crawling corpses (Elf:2)
2088 creatures vanquished.

Vanquished Creatures (collateral kills)
  Jory (Vaults:5)
  A storm dragon (Vaults:5)
  A vault warden (Vaults:5)
  A frost giant (Depths:2)
  A stone giant (Depths:2)
  An ettin (Depths:2)
  A yaktaur captain (Vaults:5)
  7 vault guards (Vaults:5)
  A dancing weapon (Vaults:5)
  A deep troll shaman (Depths:2)
  A deep troll earth mage (Depths:2)
  A tengu warrior (Depths:2)
  A spriggan berserker (Depths:2)
  2 deep trolls (Depths:2)
  A wolf spider (Spider:4)
  A shining eye (shapeshifter) (Vaults:5)
  A cyclops (shapeshifter) (Vaults:5)
  An elephant (shapeshifter) (Vaults:5)
  A vault sentinel (Vaults:5)
  A tengu conjurer (Depths:2)
  An air elemental (D:10)
  2 insubstantial wisps (Swamp:3)
  A water moccasin (Lair:6)
  A centaur (D:10)
32 creatures vanquished.

Vanquished Creatures (others)
  Nikola (Depths:1)
  A deep elf mage (Elf:3)
  A redback (Spider:4)
  2 water elementals
  An earth elemental (D:10)
  68 fulminant prisms
  114 fungi
  149 plants
  17 withered plants
354 creatures vanquished.

Grand Total: 2474 creatures vanquished

Notes
Turn   | Place    | Note
-------+----------+-------------------------------------------
     0 | D:1      | graki42 the Deep Elf Conjurer began the quest for the Orb.
     0 | D:1      | Reached XP level 1. HP: 10/10 MP: 6/6
   244 | D:1      | Reached XP level 2. HP: 15/15 MP: 6/8
   601 | D:1      | Learned a level 2 spell: Searing Ray
   880 | D:2      | Reached skill level 5 in Conjurations
   894 | D:2      | Reached XP level 3. HP: 19/19 MP: 5/9
  1183 | D:2      | Found a broken altar of Ashenzari.
  1958 | D:3      | Reached skill level 4 in Spellcasting
  1963 | D:3      | Learned a level 3 spell: Dazzling Flash
  2002 | D:3      | Reached XP level 4. HP: 24/24 MP: 9/12
  2008 | D:3      | Learned a level 4 spell: Fulminant Prism
  2095 | D:3      | Found a faded altar of an unknown god.
  2242 | D:3      | Found a radiant altar of Vehumet.
  2247 | D:3      | Became a worshipper of Vehumet
  2361 | D:3      | Reached skill level 1 in Hexes
  2675 | D:3      | Reached XP level 5. HP: 28/28 MP: 9/13
  2743 | D:3      | Found a shimmering blue altar of Sif Muna.
  2777 | D:4      | Found a sparkling altar of Nemelex Xobeh.
  2912 | D:4      | Got a faintly glowing war axe
  2913 | D:4      | Identified the +9 war axe of Starshine {holy, Int+2} (You
                  | found it on level 4 of the Dungeon)
  2976 | D:4      | Reached skill level 5 in Spellcasting
  3096 | D:4      | Found Dediq's Lightly-Used Armoury.
  3206 | D:4      | Reached XP level 6. HP: 32/32 MP: 3/15
  3297 | D:4      | Found a white marble altar of Elyvilon.
  3622 | D:4      | Learned a level 4 spell: Iskenderun's Mystic Blast
  3970 | D:4      | Noticed Edmund
  3976 | D:4      | Killed Edmund
  3976 | D:4      | Reached * piety under Vehumet
  3976 | D:4      | Offered knowledge of Freeze by Vehumet.
  4113 | D:5      | Entered Level 5 of the Dungeon
  4121 | D:5      | Reached skill level 6 in Spellcasting
  4121 | D:5      | Reached XP level 7. HP: 36/36 MP: 13/18
  4207 | D:5      | Noticed Grinder
  4213 | D:5      | Killed Grinder
  4213 | D:5      | Reached skill level 5 in Hexes
  4359 | D:5      | Found a hazy altar of Hepliaklqana.
  4360 | D:5      | Found a glowing golden altar of the Shining One.
  4469 | D:5      | Found a basalt altar of Yredelemnul.
  4503 | D:5      | Found a shimmering blue altar of Sif Muna.
  4635 | D:5      | Found a staircase to the Ecumenical Temple.
  4701 | D:5      | Found a snail-covered altar of Cheibriados.
  4734 | D:5      | Found a runed translucent door.
  4735 | D:5      | Noticed Crazy Yiuf
  4898 | D:5      | Killed Crazy Yiuf
  4898 | D:5      | Reached skill level 7 in Spellcasting
  5250 | D:6      | Reached XP level 8. HP: 24/41 MP: 12/21
  5306 | D:6      | Noticed Prince Ribbit
  5310 | D:6      | Killed Prince Ribbit
  5310 | D:6      | Reached skill level 8 in Spellcasting
  5512 | D:6      | Reached skill level 9 in Spellcasting
  6200 | D:7      | Found a sand-covered staircase.
  6206 | Ossuary  | Entered an ossuary
  6225 | Ossuary  | Reached XP level 9. HP: 45/45 MP: 19/24
  6240 | Ossuary  | Offered knowledge of Sandblast by Vehumet.
  6262 | Ossuary  | Reached ** piety under Vehumet
  6946 | D:7      | Found a blossoming altar of Fedhas.
  6976 | D:7      | Reached skill level 10 in Spellcasting
  7031 | D:7      | Offered knowledge of Frozen Ramparts by Vehumet.
  7538 | D:7      | Reached *** piety under Vehumet
  7567 | D:7      | Found an ornate altar of the Wu Jian Council.
  7627 | D:7      | Reached skill level 10 in Conjurations
  7627 | D:7      | Reached skill level 10 in Hexes
  7666 | D:7      | Learned a level 5 spell: Fireball
  7884 | D:7      | Offered knowledge of Stone Arrow by Vehumet.
  7967 | D:7      | Found the +2 ratskin cloak {*Rats rPois rN+ Str-1 Int-1
                  | Dex+1}
  8296 | D:7      | Reached skill level 1 in Fire Magic
  8511 | D:8      | Reached **** piety under Vehumet
  8705 | D:8      | Reached skill level 11 in Spellcasting
  8716 | D:8      | Reached XP level 10. HP: 50/50 MP: 21/27
  9112 | D:8      | Offered knowledge of Lightning Bolt by Vehumet.
  9260 | D:8      | Identified 2 scrolls of acquirement
  9260 | D:8      | Acquired the +7 shortbow "Xaracza" {freeze, rPois rF+ rN+
                  | Str+4}
  9261 | D:8      | Acquired the Grimoire of Destructive Ignition
  9610 | D:9      | Noticed Psyche
  9613 | D:9      | Killed Psyche
 10071 | D:9      | Found the +4 dagger "Morg" {pain, MR+ Int+5}
 10103 | D:9      | Found a shadowy altar of Dithmenos.
 10229 | D:10     | Entered Level 10 of the Dungeon
 10265 | D:10     | Reached skill level 12 in Spellcasting
 10280 | D:10     | Reached skill level 5 in Fire Magic
 10471 | D:10     | Noticed a seven-headed hydra
 10477 | D:10     | Killed a seven-headed hydra
 10480 | D:10     | Noticed a two-headed ogre
 10486 | D:10     | Killed a two-headed ogre
 10486 | D:10     | Reached XP level 11. HP: 54/54 MP: 4/29
 10685 | D:10     | Found a staircase to the Lair.
 11104 | D:10     | Noticed Erolcha
 11109 | D:10     | Killed Erolcha
 11109 | D:10     | Reached skill level 13 in Spellcasting
 11207 | D:10     | Found a large runed translucent door.
 11207 | D:10     | Found a large runed translucent door.
 11238 | D:10     | Reached ***** piety under Vehumet
 11238 | D:10     | Offered knowledge of Lee's Rapid Deconstruction by Vehumet.
 11608 | D:10     | Gained mutation: Armour fits poorly on your strangely
                  | shaped body. [potion of mutation]
 11608 | D:10     | Gained mutation: You are robust. (+10% HP) [potion of
                  | mutation]
 11608 | D:10     | Gained mutation: You are resistant to hostile enchantments.
                  | (MR+) [potion of mutation]
 11608 | D:10     | Gained mutation: Your mind is acute. (Int +2) [potion of
                  | mutation]
 11651 | Lair:1   | Entered Level 1 of the Lair of Beasts
 11658 | Lair:1   | Noticed an orange crystal statue
 11831 | Lair:1   | Noticed Erica
 11836 | Lair:1   | Killed Erica
 11901 | Lair:1   | Noticed a five-headed hydra
 11906 | Lair:1   | Killed a five-headed hydra
 12133 | Lair:1   | Killed an orange crystal statue
 12190 | Lair:1   | Reached skill level 14 in Spellcasting
 13023 | Lair:2   | Reached XP level 12. HP: 64/64 MP: 14/32
 13201 | Lair:2   | Noticed Harold
 13305 | Lair:2   | Noticed a six-headed hydra
 13311 | Lair:2   | Killed a six-headed hydra
 13558 | Lair:2   | Noticed a four-headed hydra
 13561 | Lair:2   | Killed a four-headed hydra
 13617 | Lair:2   | Learned a level 5 spell: Lee's Rapid Deconstruction
 13646 | Lair:2   | Noticed Nergalle
 13651 | Lair:2   | Killed Nergalle
 13802 | Lair:2   | Killed Harold
 13802 | Lair:2   | Reached skill level 1 in Earth Magic
 13885 | Lair:2   | Noticed Gastronok
 14001 | Lair:2   | Killed Gastronok
 14001 | Lair:2   | Reached skill level 15 in Spellcasting
 14001 | Lair:2   | Reached skill level 10 in Fire Magic
 14829 | Lair:3   | Found a hole to the Spider Nest.
 14858 | Lair:3   | Offered knowledge of Iron Shot by Vehumet.
 14876 | Spider:1 | Entered Level 1 of the Spider Nest
 14880 | Lair:3   | Noticed a catoblepas
 14890 | Lair:3   | Found a staircase to the Swamp.
 15102 | Lair:3   | Noticed Snorg
 15107 | Lair:3   | Killed Snorg
 15107 | Lair:3   | Reached XP level 13. HP: 69/69 MP: 30/34
 15167 | Lair:3   | Reached skill level 5 in Earth Magic
 15735 | Lair:3   | Reached skill level 16 in Spellcasting
 15738 | Lair:3   | HP: 3/69 [acid (9)]
 17187 | Lair:4   | Got a slimy platinum amulet
 17503 | Lair:4   | Offered knowledge of Spellforged Servitor by Vehumet.
 19127 | Lair:5   | Found a staircase to the Slime Pits.
 19572 | Lair:6   | Entered Level 6 of the Lair of Beasts
 19759 | Lair:6   | Reached XP level 14. HP: 74/74 MP: 35/36
 19886 | Lair:6   | Reached skill level 17 in Spellcasting
 21091 | Lair:6   | Got a pair of ichor-stained boots
 21102 | Lair:6   | Identified the +0 pair of boots "Tynimif" {rPois Dex+4
                  | Slay+2} (You found it on level 6 of the Lair of Beasts)
 21118 | Lair:6   | Got a bound crystal amulet
 21129 | Lair:6   | Identified the amulet of Ytiudihyuc {Faith MP-9 Int+6} (You
                  | found it on level 4 of the Lair of Beasts)
 21139 | Lair:6   | Identified the amulet of Perfectionism {RegenMP Str+7} (You
                  | found it on level 6 of the Lair of Beasts)
 21775 | Lair:6   | Acquired a book of Dreams
 22463 | D:11     | Noticed kae's ghost (novice OpTm)
 22565 | D:11     | Found a runed translucent gate.
 22565 | D:11     | Found a runed translucent gate.
 22565 | D:11     | Found a runed translucent gate.
 23145 | D:11     | Killed kae's ghost
 23145 | D:11     | Reached skill level 18 in Spellcasting
 23229 | D:12     | Reached skill level 10 in Earth Magic
 23319 | D:12     | Reached XP level 15. HP: 79/79 MP: 38/39
 23358 | D:12     | Found a staircase to the Orcish Mines.
 23360 | D:12     | Reached skill level 15 in Conjurations
 23561 | D:12     | Offered knowledge of Iskenderun's Battlesphere by Vehumet.
 23739 | D:12     | Identified the +9 quarterstaff of Awkwardness {speed, +Inv
                  | rF- Str+6 Dex-2 SInv}
 23790 | D:12     | Found a roughly hewn altar of Beogh.
 23822 | D:12     | Noticed Kirke
 23834 | D:12     | Killed Kirke
 23834 | D:12     | Reached skill level 1 in Fighting
 24046 | D:12     | Noticed akrivosticles's ghost (novice TrBe)
 24070 | D:12     | Found a transporter.
 24095 | D:12     | Found a transporter.
 24107 | D:12     | Noticed Frances
 24112 | D:12     | Killed Frances
 24167 | D:12     | Killed akrivosticles's ghost
 24372 | D:12     | Got a scorched glass ring
 24378 | D:12     | Got a scintillating copper ring
 24385 | D:12     | Identified the ring "Put-Me-On" {Ice Str+6 Stlth-} (You
                  | found it on level 12 of the Dungeon)
 24389 | D:12     | Identified the ring of Upudargh {rC+ MP+9 Slay+2} (You
                  | found it on level 12 of the Dungeon)
 24458 | D:12     | Noticed Urug
 24460 | D:12     | Killed Urug
 24629 | D:12     | Found Wazout's Distillery.
 24927 | Orc:1    | Entered Level 1 of the Orcish Mines
 24993 | Orc:1    | Learned a level 5 spell: Iskenderun's Battlesphere
 25021 | Orc:1    | Found Icot's Magic Scroll Boutique.
 25029 | Orc:1    | Offered knowledge of Starburst by Vehumet.
 25155 | Orc:1    | Reached skill level 5 in Dodging
 25237 | Orc:1    | Noticed an orc warlord
 25243 | Orc:1    | Killed an orc warlord
 25572 | Orc:1    | Found a bloodstained altar of Trog.
 25630 | Orc:2    | Entered Level 2 of the Orcish Mines
 25670 | Orc:2    | Offered knowledge of Ozocubu's Refrigeration by Vehumet.
 25871 | Orc:2    | Noticed Saint Roka
 25890 | Orc:2    | Killed Saint Roka
 25916 | Orc:2    | Noticed an orc warlord
 25917 | Orc:2    | Found Gobrufos's General Store.
 26183 | Orc:2    | Found Xoppeog's Book Shop.
 26186 | Orc:2    | Found a staircase to the Elven Halls.
 26446 | Orc:2    | Killed an orc warlord
 26773 | Orc:2    | Found Womix's Antique Weapon Shop.
 26781 | Orc:2    | Found Faptere's Weapon Emporium.
 26854 | Orc:2    | Found Voefoawu's Antique Armour Boutique.
 26863 | Orc:2    | Bought a shiny helmet for 180 gold pieces
 27826 | D:13     | Found a gate to the Vaults.
 28112 | D:14     | Learned a level 7 spell: Orb of Destruction
 28126 | D:14     | Noticed Josephine
 28128 | D:14     | Reached XP level 16. HP: 92/92 MP: 40/40
 28133 | D:14     | Killed Josephine
 28395 | D:14     | Noticed Agnes
 28398 | D:14     | Killed Agnes
 28464 | D:14     | Found Deko's Distillery.
 28473 | D:14     | Bought a potion of heal wounds for 60 gold pieces
 28986 | Lair:1   | Learned a level 5 spell: Borgnjor's Vile Clutch
 29065 | Swamp:1  | Entered Level 1 of the Swamp
 29282 | Swamp:1  | Reached skill level 1 in Necromancy
 29410 | Swamp:1  | Offered knowledge of Conjure Ball Lightning by Vehumet.
 29941 | Swamp:1  | Reached skill level 19 in Spellcasting
 30117 | Swamp:2  | Reached ****** piety under Vehumet
 31614 | Swamp:3  | Got an iridescent fustibalus
 31615 | Swamp:3  | Identified the cursed +0 fustibalus of Prudence {venom,
                  | +Fly rElec rC- Int+7} (You found it on level 3 of the
                  | Swamp)
 31911 | Swamp:4  | Entered Level 4 of the Swamp
 31943 | Swamp:4  | Reached skill level 5 in Fighting
 32220 | Swamp:4  | Offered knowledge of Lehudib's Crystal Spear by Vehumet.
 32220 | Swamp:4  | Offered knowledge of Fire Storm by Vehumet.
 32220 | Swamp:4  | Offered knowledge of Absolute Zero by Vehumet.
 32720 | Swamp:4  | Reached XP level 17. HP: 101/101 MP: 40/42
 32801 | Swamp:4  | Noticed the 27-headed Lernaean hydra
 33245 | Swamp:4  | Killed the 27-headed Lernaean hydra
 33245 | Swamp:4  | Reached skill level 5 in Necromancy
 33245 | Swamp:4  | Reached skill level 15 in Fire Magic
 33484 | Swamp:4  | Got a decaying rune of Zot
 34426 | Elf:1    | Entered Level 1 of the Elven Halls
 34643 | Elf:1    | Gained mutation: You are highly resistant to hostile
                  | enchantments. (MR++) [a shining eye]
 35593 | Elf:1    | You fall into a shaft and drop 1 floor!
 36288 | Elf:2    | Found a huge runed translucent gate.
 36288 | Elf:2    | Found a huge runed translucent gate.
 36288 | Elf:2    | Found a huge runed translucent gate.
 36288 | Elf:2    | Found a huge runed translucent gate.
 36288 | Elf:2    | Found a huge runed translucent gate.
 36556 | Elf:2    | Reached skill level 10 in Dodging
 36794 | Elf:2    | Got a faintly glowing robe
 36967 | Elf:2    | Noticed Jorgrun
 36992 | Elf:2    | Reached skill level 20 in Spellcasting
 37739 | Elf:2    | Reached XP level 18. HP: 111/111 MP: 44/44
 37983 | Elf:2    | Killed Jorgrun
 38073 | Elf:3    | Entered Level 3 of the Elven Halls
 39186 | Elf:3    | Found Cupp's Book Shoppe.
 39186 | Elf:3    | Found Uhafacs's Gadget Emporium.
 39937 | Elf:3    | Identified the ring of the Hidden Violins {+Blink rC+ EV+4
                  | Str+2 Stlth-}
 39945 | Elf:3    | Identified the cursed +1 short sword of Ointment
                  | {antimagic, *Drain rC+ Str+4 Stlth+}
 40493 | Elf:3    | Identified the +1 robe "Peibb" {rN+ rCorr} (You found it on
                  | level 2 of the Elven Halls)
 41532 | Lair:3   | Reached skill level 10 in Necromancy
 42086 | D:15     | Entered Level 15 of the Dungeon
 42239 | D:15     | Found a frozen archway.
 42253 | IceCv    | Entered an ice cave
 42624 | IceCv    | Reached XP level 19. HP: 118/118 MP: 45/45
 42751 | IceCv    | Got a dazzling morningstar
 42924 | D:15     | Identified the +3 morningstar "Awywet" {antimagic, rC+ rN+
                  | Str-5} (You found it in an ice cave)
 43090 | D:15     | Reached skill level 21 in Spellcasting
 43985 | D:15     | Found a staircase to the Depths.
 44885 | Spider:2 | Noticed Azrael
 44896 | Spider:2 | Killed Azrael
 45718 | Spider:2 | Acquired 801 gold pieces
 45817 | Spider:3 | Found a runed translucent door.
 45853 | Spider:3 | Noticed Bumuvide's ghost (journeyman DDFi)
 45948 | Spider:3 | Noticed Arachne
 45957 | Spider:3 | Killed Arachne
 46337 | Spider:3 | Killed Bumuvide's ghost
 46664 | Spider:4 | Entered Level 4 of the Spider Nest
 46955 | Spider:4 | Acquired 1134 gold pieces
 48419 | Spider:4 | Got a gossamer rune of Zot
 48688 | D:12     | Bought a potion of heal wounds for 85 gold pieces
 48688 | D:12     | Bought a potion of haste for 170 gold pieces
 48688 | D:12     | Bought a potion of haste for 170 gold pieces
 48739 | Orc:1    | Bought a scroll of teleportation for 42 gold pieces
 48739 | Orc:1    | Bought a scroll of amnesia for 49 gold pieces
 48739 | Orc:1    | Bought a scroll of teleportation for 42 gold pieces
 48781 | Orc:2    | Bought a scroll of teleportation for 36 gold pieces
 48927 | Elf:3    | Bought a book of Hexes for 750 gold pieces
 49103 | Vaults:1 | Entered Level 1 of the Vaults
 49928 | Vaults:1 | Reached XP level 20. HP: 126/126 MP: 47/47
 50150 | Vaults:1 | Noticed an ancient lich
 50187 | Vaults:1 | Found a transporter.
 50188 | Vaults:1 | Found a radiant altar of Vehumet.
 51075 | Vaults:1 | Reached skill level 22 in Spellcasting
 51516 | Vaults:1 | Killed an ancient lich
 51516 | Vaults:1 | Reached skill level 15 in Hexes
 51612 | Vaults:1 | Found a transporter.
 51624 | Vaults:1 | Got a warped lapis lazuli ring
 51671 | Vaults:1 | Got a faintly humming robe
 51710 | Vaults:1 | Identified the cursed +1 robe of Wu Jian's Grace {+Inv rC+
                  | Dex-5 SInv} (You found it on level 1 of the Vaults)
 52908 | Lair:1   | Identified the ring "Washet" {+Fly MR- AC+4 Str+2} (You
                  | found it on level 1 of the Vaults)
 54287 | Vaults:3 | Found a staircase to the Crypt.
 54287 | Vaults:3 | Found a basalt altar of Yredelemnul.
 54288 | Vaults:3 | Found an ancient bone altar of Kikubaaqudgha.
 55008 | Vaults:3 | Acquired the ring "Vefuc" {rN+ Str+2}
 55009 | Vaults:3 | Acquired 630 gold pieces
 55276 | Vaults:3 | Reached skill level 23 in Spellcasting
 55624 | Vaults:4 | Reached XP level 21. HP: 132/132 MP: 36/50
 56319 | Vaults:4 | Found a portal to a secret trove of treasure.
 56470 | Vaults:4 | Identified the +9 great sword of Perfectionism {holy, +Inv
                  | rC- Dex+4 Stlth+}
 56912 | Vaults:4 | Learned a level 8 spell: Discord
 56916 | Vaults:5 | Entered Level 5 of the Vaults
 56925 | Vaults:5 | Noticed an ancient lich
 56928 | Vaults:5 | Identified the amulet "Nifrerr" {Faith rC++ Str+2 Dex+3
                  | Stlth+}
 56929 | Vaults:5 | Killed an ancient lich
 56934 | Vaults:5 | Noticed an ancient lich
 56937 | Vaults:5 | Killed an ancient lich
 57706 | Vaults:5 | Noticed an ancient lich
 57709 | Vaults:5 | Killed an ancient lich
 57709 | Vaults:5 | Reached skill level 24 in Spellcasting
 58591 | Vaults:4 | You paid a toll of +3 storm dragon scales to enter a
                  | treasure trove
 58592 | Trove    | Entered a treasure trove
 58601 | Trove    | Got a translucent brass ring
 58605 | Trove    | Got a bound tin ring
 58611 | Trove    | Got a fine marble ring
 58613 | Trove    | Got a bound gossamer ring
 58615 | Trove    | Got a faintly glowing pewter amulet
 58617 | Trove    | Got a vibrating crystal amulet
 58619 | Trove    | Got a shimmering sapphire amulet
 58628 | Trove    | Got an ancient iron ring
 58634 | Trove    | Identified the ring of Crawling {rElec rPois Stlth+} (You
                  | found it in a treasure trove)
 58638 | Trove    | Identified the ring "Agecwaryo" {*Slow rElec rPois rN+
                  | SInv} (You found it in a treasure trove)
 58642 | Trove    | Identified the ring "Guovilus" {rElec rF- AC+4 Slay+2} (You
                  | found it in a treasure trove)
 58644 | Trove    | Identified the ring "Tuilivim" {Wiz rC+} (You found it in a
                  | treasure trove)
 58655 | Trove    | Identified the amulet "Zelama Uheac" {Inacc rElec Int-2
                  | Stlth+} (You found it in a treasure trove)
 58656 | Trove    | Identified the ring of Tuygetue {rPois AC+4 Str+4 Dex-3
                  | Stlth+} (You found it in a treasure trove)
 58668 | Trove    | Got a scorched iron ring
 58671 | Trove    | Identified the amulet of Xom's Amusement {Spirit *Corrode
                  | rPois rC+ Str+9} (You found it in a treasure trove)
 58672 | Trove    | Identified the amulet "Umpoc" {Spirit MR+ Dex+2} (You found
                  | it in a treasure trove)
 58674 | Trove    | Identified the ring of Opnys {rPois rN+ AC+4 Str+3} (You
                  | found it in a treasure trove)
 59252 | Vaults:5 | Identified the ring "Vorr" {*Drain rPois Int+2 SInv Stlth+}
 59293 | Vaults:5 | Identified the +9 great sword of the Cup {vorpal, *Drain
                  | rPois rF+ rN++}
 59816 | Vaults:5 | Reached XP level 22. HP: 137/137 MP: 36/52
 60169 | Vaults:5 | Got a silver rune of Zot
 60388 | Vaults:5 | Noticed Jory
 60404 | Vaults:5 | Killed Jory
 60863 | Vaults:5 | Identified the Almanac of Cankerous Moulding
 60868 | Vaults:5 | Got an iridescent hunting sling
 60869 | Vaults:5 | Identified the +3 hunting sling of Abuse {flame, rElec
                  | Str+6} (You found it on level 5 of the Vaults)
 61015 | Vaults:5 | Identified the Compendium of Vitriolic Fire
 61152 | Vaults:5 | Found Tiweck's Assorted Antiques.
 61161 | Vaults:5 | Got a fine kite shield
 61162 | Vaults:5 | Identified the +4 kite shield "Vost" {rF+} (You found it on
                  | level 5 of the Vaults)
 61172 | Vaults:5 | Bought a scroll of blinking for 202 gold pieces
 61172 | Vaults:5 | Bought a scroll of teleportation for 81 gold pieces
 61852 | Crypt:1  | Entered Level 1 of the Crypt
 62195 | Crypt:1  | Noticed Sojobo
 62208 | Crypt:1  | Killed Sojobo
 64380 | Crypt:3  | Entered Level 3 of the Crypt
 64444 | Crypt:3  | Found a staircase to the Tomb.
 64835 | Crypt:3  | Found a basalt altar of Yredelemnul.
 65582 | Crypt:3  | Identified the ring "Heimig" {+Blink rElec rF++ Dex+6}
 65845 | Crypt:3  | Reached skill level 25 in Spellcasting
 65874 | Crypt:3  | Reached skill level 15 in Earth Magic
 65874 | Crypt:3  | Reached XP level 23. HP: 125/141 MP: 14/54
 66255 | Crypt:3  | Identified the ring of Vikin {rElec rCorr Str+4}
 66578 | Crypt:3  | Found an ancient bone altar of Kikubaaqudgha.
 66599 | Crypt:3  | Identified the ring "Noexec" {rN+ MR+ Dex+2}
 66695 | Crypt:3  | Got a transparent graven amulet
 66696 | Crypt:3  | Identified the amulet "Punadweu" {+Blink rPois rC- Regen+
                  | SInv} (You found it on level 3 of the Crypt)
 67820 | Depths:1 | Entered Level 1 of the Depths
 67893 | Depths:1 | Noticed Rupert
 67896 | Depths:1 | Killed Rupert
 67897 | Depths:1 | Noticed Asterion
 67899 | Depths:1 | Noticed Frederick
 67902 | Depths:1 | Killed Asterion
 67907 | Depths:1 | Killed Frederick
 68142 | Depths:1 | Found an iron altar of Okawaru.
 68152 | Depths:1 | Got a shimmering falchion
 68153 | Depths:1 | Identified the +2 falchion of Conservatism {pain, rC+
                  | Int+3} (You found it on level 1 of the Depths)
 68217 | Depths:1 | Noticed Nikola
 68226 | Depths:1 | Killed Nikola
 68507 | Depths:1 | Noticed Bai Suzhen
 68520 | Depths:1 | Killed Bai Suzhen
 69264 | Depths:1 | Found a one-way gate leading to the halls of Pandemonium.
 69422 | Depths:1 | Found a gateway to Hell.
 69906 | Depths:2 | Reached skill level 26 in Spellcasting
 70212 | Depths:2 | Found a transporter.
 70212 | Depths:2 | Noticed a juggernaut
 70349 | Depths:2 | Found a glowing golden altar of the Shining One.
 70365 | Depths:2 | Found a transporter.
 70527 | Depths:2 | Found a gateway to a ziggurat.
 70833 | Depths:2 | Reached XP level 24. HP: 148/148 MP: 22/55
 70982 | Depths:2 | Slain by a juggernaut

Illustrated notes

Levels and vault maps discovered:
D:1:      ebering_trefoil_twist, layout_loops_ring
D:2:      layout_basic, old_standard_altar
D:3:      layout_loops_ring, lemuel_doored_altar,
          chequers_ecumenical_altar_simple, led_sif_pool
D:4:      layout_basic, lemuel_crystal_altar, lemuel_crystal_altar,
          minmay_shop_damaged, minmay_puff, uniq_edmund
D:5:      layout_cave_pools, kennysheep_mini, gammafunk_temple_overflow_statue,
          yredelemnul_forgotten_temple_becter, minmay_temple_entry_antechambers,
          lemuel_altar_in_water, uniq_grinder, uniq_crazy_yiuf_cottage
D:6:      layout_loops_ring, chequers_serial_rivers_marsh, uniq_prince_ribbit1
D:7:      wander_guarded_unrand_ratskin, layout_gridville, fedhas_altar_4,
          old_standard_altar, enter_ossuary_3, serial_glass, glass_columns_a,
          glass_columns_a, worms_lemuel
D:8:      layout_loops_ring
D:9:      layout_rooms, kennysheep_mini_moat, uniq_psyche
D:10:     layout_basic, due_lair_maze_entry_diamond, skrybe_limestone_x,
          hex_large, lightli_elemental_guards, uniq_erolcha
D:11:     layout_roguey, gammafunk_ghost_icy, hangedman_decor_lopped,
          kennysheep_boxes
D:12:     layout_loops_corners, orc_0_dummy, gammafunk_ghost_berserking_beasts,
          special_room [special_room_orc], serial_shops, shop_statue, uniq_urug,
          uniq_frances, uniq_kirke
D:13:     layout_cross, david_vaults_4
D:14:     layout_roguey, serial_shops, shop, serial_bayou_ford_a, uniq_agnes,
          uniq_josephine
D:15:     gammafunk_enter_depths_forms, layout_basic,
          portal_ice_cave_entry_pillars_2, kennysheep_crisscross
Lair:1:   layout_chaotic_city, disabler_island, infiniplex_staircase_pool_2,
          uniq_erica
Lair:2:   layout_long_grid, serial_bayou_lake_a, uniq_gastronok, uniq_harold,
          uniq_nergalle
Lair:3:   lemuel_ratsnest, layout_gridlike, minmay_swamp_entry_swarm,
          spider_nest_entry_rubble, forest_entry_grove,
          minmay_lair_oklob_chamber, uniq_snorg
Lair:4:   layout_roguey, lemuel_fruit_fields
Lair:5:   layout_cave_pods, slime_dummy, minmay_lindwurm_lava
Lair:6:   gammafunk_lair_ancient_temple, layout_regular_city,
          infiniplex_staircase_pool
Swamp:1:  layout_basic_swamp, evilmike_swamp_ruin_house_5, swamp_pool2
Swamp:2:  layout_basic_swamp, evilmike_swamp_ruin_wall
Swamp:3:  layout_basic_swamp, hangedman_swamp_ruin_hall
Swamp:4:  grunt_swamp_rune_castle, layout_basic_swamp, swamp_pool2
Spider:1: layout_spider_delve
Spider:2: layout_spider_delve, nicolae_spider_webbed_stairs, uniq_azrael
Spider:3: layout_spider_delve, ebering_ghost_reflecting_pool, drop_trap,
          uniq_arachne
Spider:4: grunt_spider_rune_circles
Orc:1:    layout_diamond_mine, serial_shops, nicolae_shop_statue_plus,
          trog_hazing_becter
Orc:2:    grunt_orc_gardens, layout_caves, grunt_orc_garden, grunt_orc_garden,
          grunt_orc_garden, grunt_orc_garden, serial_shops, shop,
          uniq_saint_roka
Elf:1:    minmay_elf_arrival_plus, layout_geoelf_grid, minivault_28,
          minivault_16, roderic_nine_men_s_morris
Elf:2:    layout_geoelf_octagon, uniq_jorgrun
Elf:3:    elf_hall, layout_loops_corners, minmay_shoptagon
Vaults:1: v_misc_8, gammafunk_sealed_library, nicolae_vaults_diagonal_hallway_8,
          ontoclasm_vaults_spin, v_misc_24, grunt_vaults_trifunnel,
          hangedman_vaults_maws, hangedman_vaults_stretched_pinwheel, v_misc_28,
          nicolae_vaults_little_squares_3, ontoclasm_vaults_gateway,
          grunt_vaults_focal, ontoclasm_vaults_hangar, vaults_dpeg_encased_lava,
          layout_vaults_omnibox
Vaults:2: nicolae_vaults_specimen_jars, hangedman_vaults_trim, v_misc_3,
          v_pattern_3, v_misc_11, special_room_vaults [special_room_orc],
          vaults_room_fours, nicolae_vaults_three_branches,
          layout_vaults_quadrants
Vaults:3: v_alt_pattern_4, ontoclasm_vaults_eye, grunt_vaults_bifocal,
          v_pattern_1, v_misc_10, v_misc_27, minmay_crypt_entry_necro_gods,
          hangedman_vaults_maws, vaults_room_pools, vaults_dpeg_ring,
          layout_vaults_ring
Vaults:4: v_misc_4, nicolae_vaults_alarming, v_alt_pattern_4,
          hangedman_vaults_corner, vaults_room_fancy_cross, vaults_room_octagon,
          hangedman_vaults_locks, hangedman_vaults_capsules, v_pattern_2,
          layout_vaults_big_room, enter_trove_2
Vaults:5: uniq_jory
Crypt:1:  layout_chaotic_city, uniq_sojobo
Crypt:2:  layout_basic, st_stairs_12, minivault_4
Crypt:3:  church_of_pain_bobbens, layout_chaotic_city,
          tomb_entry_forgotten_bobbens, basic_altar, grunt_ministairs_1,
          minivault_19
Depths:1: layout_honeycomb, okawaru_ov_weapons_minmay, grunt_hell_entry_dis_old,
          rand_demon_pan_entry_9, chequers_serial_rivers_room_a, eino_curves_01,
          sword_in_stone, uniq_bai_suzhen, uniq_nikola
Depths:2: gammafunk_the_bubble [the_bubble_gammafunk_split], layout_cave_pools,
          enter_ziggurat_a, grunt_mini_vestibule, tso_metal_star,
          infiniplex_staircase_pillars_2

Skill      XL: |  1  2  3  4  5  6  7  8  9 10 11 12 13 14 15 16 17 18 19 20 21 22 23 |
---------------+----------------------------------------------------------------------+-----
Conjurations   | 5 6 7 8 10 11 12 13 14 15 16 17 18 19 21 | 21.1
Stealth        | 3 |  3.0
Dodging        | 3 6 8 10 12 13 | 13.0
Spellcasting   | 4 5 6 7 9 11 12 14 15 16 18 19 20 21 23 24 25 26 | 26.2
Hexes          | 2 3 4 6 8 10 12 13 17 20 | 20.0
Fire Magic     | 1 6 8 10 12 13 14 15 16 18 | 18.2
Earth Magic    | 4 7 10 11 12 13 15 | 15.0
Fighting       | 3 5 7 8 9 |  9.0
Necromancy     | 4 7 10 12 | 12.8

Action                   |  1- 3 |  4- 6 |  7- 9 | 10-12 | 13-15 | 16-18 | 19-21 | 22-24 || total
-------------------------+-------+-------+-------+-------+-------+-------+-------+-------++-------
Melee: War axe           |       |       |     2 |       |       |       |       |       ||     2
       Quarterstaff      |       |       |       |       |       |       |     3 |       ||     3
 Cast: Magic Dart        |    78 |    33 |    43 |    16 |   136 |   262 |   250 |    88 ||   906
       Searing Ray       |     4 |    15 |    77 |    19 |    28 |     6 |    42 |     5 ||   196
       Fulminant Prism   |       |     2 |     9 |    13 |    22 |    15 |     2 |     5 ||    68
       Fireball          |       |       |     2 |   159 |   448 |   365 |   516 |   403 ||  1893
       Iskenderun's Myst |       |       |     2 |     3 |    11 |    20 |     3 |    19 ||    58
       Dazzling Flash    |       |       |       |     2 |     1 |       |       |       ||     3
       Lee's Rapid Decon |       |       |       |       |     9 |     4 |    32 |   131 ||   176
       Iskenderun's Batt |       |       |       |       |     9 |   104 |   140 |    76 ||   329
       Orb of Destructio |       |       |       |       |       |    21 |    19 |    27 ||    67
       Borgnjor's Vile C |       |       |       |       |       |    15 |    13 |     6 ||    34
       Discord           |       |       |       |       |       |       |     1 |     5 ||     6
 Abil: Evoke Invisibilit |       |       |       |       |       |       |     4 |       ||     4
Evoke: Wand              |       |       |       |     1 |     8 |       |     1 |       ||    10
  Use: Scroll            |       |       |     5 |    20 |    14 |    13 |    18 |     8 ||    78
       Potion            |       |       |       |     8 |     9 |     3 |     7 |     2 ||    29
Armor: Robe              |     1 |     3 |     8 |    10 |    23 |    27 |    96 |    28 ||   196
       Skin              |       |       |       |     2 |       |       |       |       ||     2
Dodge: Dodged            |     6 |     7 |    56 |    34 |    68 |   135 |   413 |   104 ||   823

Table legend: (Time is in decaauts)
 A = Elapsed time spent in this place.
 B = Non-inter-level travel time spent in this place.
 C = Inter-level travel time spent in this place.
 D = Time resting spent in this place.
 E = Time spent auto-exploring this place.
 F = Levels seen in this place.
 G = Mean time per level.
                   A        B        C        D        E       F      G
               +--------+--------+--------+--------+--------+-----+--------+
         Total |  71451 |  65314 |   6137 |  20343 |  33120 |  47 | 1520.2 |
       Dungeon |  19309 |  16729 |   2580 |   3540 |  10818 |  15 | 1287.3 |
          Lair |  11770 |  10947 |    823 |   4362 |   5006 |   6 | 1961.7 |
         Swamp |   4856 |   4641 |    215 |    902 |   2799 |   4 | 1214.0 |
   Spider Nest |   4118 |   4026 |     92 |   1531 |   1568 |   4 | 1029.5 |
  Orcish Mines |   2598 |   2289 |    309 |    617 |   1053 |   2 | 1299.0 |
   Elven Halls |   6928 |   6593 |    335 |   2960 |   2645 |   3 | 2309.3 |
        Vaults |  12049 |  10482 |   1567 |   2864 |   5578 |   5 | 2409.8 |
         Crypt |   5452 |   5244 |    208 |   2297 |   1677 |   3 | 1817.3 |
        Depths |   3015 |   3010 |      5 |    950 |   1429 |   2 | 1507.5 |
         Trove |    100 |    100 |      0 |      0 |      2 |   1 |  100.0 |
       Ossuary |    715 |    715 |      0 |    239 |    263 |   1 |  715.0 |
      Ice Cave |    537 |    537 |      0 |     80 |    279 |   1 |  537.0 |
               +--------+--------+--------+--------+--------+-----+--------+

Top non-repeatable levels by time:
  Lair:3: 3234 daAuts
   Elf:3: 3058 daAuts
Vaults:1: 2859 daAuts
 Crypt:3: 2732 daAuts
Vaults:4: 2621 daAuts
    D:12: 2255 daAuts
Vaults:2: 2227 daAuts
Vaults:5: 2177 daAuts
Vaults:3: 2164 daAuts
   Elf:2: 2138 daAuts
  Lair:2: 2056 daAuts
    D:10: 1877 daAuts
  Lair:5: 1769 daAuts
Depths:1: 1749 daAuts
   Elf:1: 1731 daAuts
